 Dungeon Crawl Stone Soup version 0.31-a0-799-g6bc09d010c (webtiles) character file.

Game seed: 10095788398037585346

14 Skeral the Charlatan (level 2, 0/21 HPs)
             Began as a Demonspawn Artificer on Sept 19, 2023.
             Slain by a goblin
             ... wielding a +0 dagger
              (1 damage)
             ... on level 1 of the Dungeon.
             The game lasted 00:02:00 (261 turns).

Skeral the Charlatan (Demonspawn Artificer)          Turns: 261, Time: 00:02:00

Health: 0/21       AC:  3    Str:  9 (12) XL:     2   Next: 31%
Magic:  2/2        EV: 11    Int: 10 (12) God:
Gold:   0          SH:  0    Dex: 12 (13) Spells: 1/1 levels left

rFire   . . .        i - +0 dagger (venom)
rCold   . . .        (no shield)
rNeg    . . .        b - +0 leather armour
rPois   .            (helmet restricted)
rElec   .            (no cloak)
rCorr   .            (no gloves)
SInv    .            (no boots)
Will    .....        (no amulet)
Stlth   +            (no ring)
HPRegen 0.23/turn    (no ring)
MPRegen 0.08/turn

%: no passive effects
@: no status effects
A: antennae 1
a: no special abilities


You were on level 1 of the Dungeon.
You visited 1 branch of the dungeon, and saw 1 of its levels.


Innate Abilities, Weirdness & Mutations

You have a pair of small antennae on your head.


   Skills:
 + Level 1.5 Fighting
 + Level 1.8 Armour
 + Level 1.3 Dodging
 - Level 0.8 Stealth
 + Level 3.2 Evocations


You had one spell level left.
You didn't know any spells.
Your spell library was empty.

Inventory:

Hand Weapons
 f - a +2 dagger of freezing
   (You took it off a goblin on level 1 of the Dungeon)
 i - a +0 dagger of venom (weapon)
   (You took it off a goblin on level 1 of the Dungeon)
Armour
 b - a +0 leather armour (worn)
Wands
 c - a wand of flame (12) (quivered)
 d - a wand of charming (15)
 e - a wand of iceblast (5)
Scrolls
 a - a scroll of vulnerability {unknown}
Potions
 g - a potion of degeneration {!q}
 h - a potion of haste {unknown}

Dungeon Overview and Level Annotations

Branches:
Dungeon (1/15) Zot: 5733

Altars:

.................##.....######
#.#.#>#.#..........###.....#
............#....#...#..##....
#.####.... ...##.###...(.####.
#.# ..?.##.##.###..........
..# #.............#...>... ...
.#......###......... ..#
..##...†# ##...?.... ###
#..@.# .####### #....g.# ..
#.......... ...
#................
#..............
#.........$....
#....(......>..
.?.............


You could see a goblin.


Message History

A frilled lizard comes into view.
The frilled lizard hisses angrily.
The frilled lizard moves out of view.
The frilled lizard bites you but does no damage.
The frilled lizard barely misses you.
You closely miss the frilled lizard. The frilled lizard bites you. 😕 HP[-1]
You take 1 damage, and now have 20/21 hp.
You hit the frilled lizard. You freeze the frilled lizard.
You kill the frilled lizard!
A goblin comes into view. It is wielding a +0 dagger of venom.
You see here a glowing dark potion.
g - 2 glowing dark potions (gained 1) 😎 HP[+1]
Your hp is fully restored (21).
Found a stone staircase leading down.
You closely miss the goblin. The goblin closely misses you.
You hit the goblin. You freeze the goblin. Your punch misses the goblin.
The goblin hits you but does no damage.
You are poisoned.
You hit the goblin. You freeze the goblin.
You kill the goblin!
You feel sick. 😕 HP[-2]
You take 2 damage, and now have 19/21 hp.
You feel sick.
You see here a +0 dagger of venom. 😕 HP[-1]
You take 1 damage, and now have 18/21 hp.
i - a +0 dagger of venom You feel sick. 😕 HP[-1]
You take 1 damage, and now have 17/21 hp.
You start resting.
You feel sick. x4
You are no longer poisoned. 😮 HP[-3]
You take 3 damage, and now have 14/21 hp.
Your +2 dagger of freezing stops glowing.
Your +0 dagger of venom begins to drip with poison!
i - a +0 dagger of venom (weapon)
A rat comes into view. 😎 HP[+7]
Your hp is fully restored (21).
You hit the rat. The rat bites you. 😕 HP[-2]
You take 2 damage, and now have 19/21 hp.
You hit the rat.
You kill the rat! 😕 HP[+1]
An endoplasm comes into view.
A rat and a ball python come into view.
The ball python hisses angrily.
A giant cockroach comes into view.
The endoplasm quivers.
The giant cockroach moves out of view. 😎 HP[+1]
Your hp is fully restored (21).
You hit the ball python.
You kill the ball python!
A goblin comes into view. It is wielding a +0 sling.
You see here a ball python corpse.
You hit the endoplasm. The endoplasm freezes you.
You are frozen. 😕 HP[-3]
You take 3 damage, and now have 18/21 hp.
You hit the endoplasm but do no damage. The rat bites you.
The endoplasm hits you but does no damage. 😕 HP[-1]
You take 1 damage, and now have 17/21 hp.
You hit the rat but do no damage.
The rat is poisoned.
You kill the rat!
The endoplasm freezes you.
You are frozen.
The goblin shoots a sling bullet.
The sling bullet hits you. 😮 HP[-6]
You take 6 damage, and now have 11/21 hp.
MASSIVE DAMAGE!! (PAUSE)
You hit the endoplasm.
The endoplasm is poisoned.
The endoplasm freezes you.
You are frozen.
* * * LOW HITPOINT WARNING * * *
The goblin shoots a sling bullet.
The sling bullet hits you.
* * * LOW HITPOINT WARNING * * *
😱 HP[-8]
You take 8 damage, and now have 3/21 hp.
MASSIVE DAMAGE!! (PAUSE) It was a potion of degeneration.
There was something very wrong with that liquid.
You feel weakened.
You feel dopey.
You feel clumsy. The endoplasm freezes you.
You are frozen.
* * * LOW HITPOINT WARNING * * *
😱 HP[-2]
You take 2 damage, and now have 1/21 hp.
Found a scroll labelled HAZIAPPIAW and a scroll labelled JUUWAL ZOCAU.
Found a stone staircase leading down.
You kill the endoplasm!
The goblin unwields a +0 sling.
The goblin wields a +0 dagger.
The goblin hits you with a +0 dagger.
You die...

Skill      XL: |  1 |
---------------+----+-----
Dodging        | 1 |  1.3
Fighting       | |  1.5
Armour         | |  1.8
Stealth        | |  0.8
Evocations     | |  3.2

Action                     || total
---------------------------++-------
  Melee: Club              ||    17
         Dagger            ||    19
  Evoke: Wand              ||     3
    Use: Potion            ||     1
 Armour: Leather armour    ||    30
  Dodge: Dodged            ||    16

Levels and vault maps discovered:
D:1:      amcnicky_arrival_flooded_fountain, layout_rooms, st_stairs_8,
          serial_bayou_pond_e, minmay_tromino_mix6

Notes
Turn   | Place    | Note
-------+----------+-------------------------------------------
     0 | D:1      | Skeral the Demonspawn Artificer began the quest for the
                  | Orb.
     0 | D:1      | Reached XP level 1. HP: 15/15 MP: 1/1
     0 | D:1      | magus.rc [v1.10.3]
    22 | D:1      | Reached skill level 1 in Dodging
    55 | D:1      | HP: 3/15 [ball python (2)]
   125 | D:1      | Gained mutation: You have a pair of small antennae on your
                  | head. [demonic ancestry]
   125 | D:1      | Reached XP level 2. HP: 18/21 MP: 2/2
   259 | D:1      | HP: 3/21 [goblin/sling bullet (6)]
   260 | D:1      | HP: 1/21 [frozen (3)]
   261 | D:1      | Slain by a goblin

Vanquished Creatures
  4 ball pythons (D:1)
  3 endoplasms (D:1)
  3 goblins (D:1)
  A bat (D:1)
  3 frilled lizards (D:1)
  3 rats (D:1)
17 creatures vanquished.

Table legend:
 A = Non-vault XP
 B = Vault XP
 C = Vault XP percentage of total XP
 D = Non-vault monster count
 E = Vault monster count
 F = Vault count percentage of total count
                 A         B        C        D         E       F
            +---------+---------+-------+---------+---------+-------
      Total |      22 |       1 |   4.3 |      16 |       1 |   5.9
            +---------+---------+-------+---------+---------+-------
        D:1 |      22 |       1 |   4.3 |      16 |       1 |   5.9
            +---------+---------+-------+---------+---------+-------

Skill      XL: |  1 |
---------------+----+-----
Dodging        | 1 |  1.3
Fighting       | |  1.5
Armour         | |  1.8
Stealth        | |  0.8
Evocations     | |  3.2

Action                     || total
---------------------------++-------
  Melee: Club              ||    17
         Dagger            ||    19
  Evoke: Wand              ||     3
    Use: Potion            ||     1
 Armour: Leather armour    ||    30
  Dodge: Dodged            ||    16

Illustrated notes

Table legend:
 A = Kills in this place as a percentage of kills in the entire game.
 B = Kills by you in this place as a percentage of kills by you in the entire game.
 C = Kills by friends in this place as a percentage of kills by friends in the entire game.
 D = Other kills in this place as a percentage of other kills in the entire game.
 E = Experience gained in this place as a percentage of experience gained in the entire game.
 F = Experience gained in this place divided by the number of levels of this place that you have seen.
                   A       B       C       D       E      F
               +-------+-------+-------+-------+-------+----------------------
         Total | 100.0 | 100.0 |   N/A |   N/A | 100.0 |  23.0
       Dungeon | 100.0 | 100.0 |   N/A |   N/A | 100.0 |  23.0
               +-------+-------+-------+-------+-------+----------------------

Table legend: (Time is in decaauts)
 A = Elapsed time spent in this place.
 B = Non-inter-level travel time spent in this place.
 C = Inter-level travel time spent in this place.
 D = Time resting spent in this place.
 E = Time spent auto-exploring this place.
 F = Levels seen in this place.
 G = Mean time per level.
                   A        B        C        D        E       F      G
               +--------+--------+--------+--------+--------+-----+--------+
         Total |    265 |    265 |      0 |     69 |     34 |   1 |  265.0 |
       Dungeon |    265 |    265 |      0 |     69 |     34 |   1 |  265.0 |
               +--------+--------+--------+--------+--------+-----+--------+

Top non-repeatable levels by time:
     D:1: 265 daAuts
